 Dungeon Crawl Stone Soup version 0.31-a0-210-gccc998df9b (webtiles) character file.

Game seed: 3853440193142938702

411 123456 the Chopper (level 6, -8/54 (56) HPs)
             Began as a Minotaur Fighter on June 30, 2023.
             Was an Initiate of Gozag.
             Mangled by an ogre
             ... wielding a +0 giant spiked club
              (19 damage)
             ... on level 4 of the Dungeon.
             The game lasted 00:04:29 (2843 turns).

123456 the Chopper (Minotaur Fighter)               Turns: 2843, Time: 00:04:29

HP:   -8/54 (56)    AC: 14    Str: 25    XL:     6   Next: 58%
MP:   5/5           EV: 26    Int: 12    God:    Gozag
Gold: 144           SH:  5    Dex: 10    Spells: 5/5 levels left

rFire   . . .        a - +0 war axe
rCold   . . .        c - +0 buckler
rNeg    . . .        m - +0 plate armour
rPois   .            (helmet restricted)
rElec   .            t - +1 cloak of the Apprentice {-Tele Will+ Str+3 Int+7}
rCorr   .            (no gloves)
SInv    .            (no boots)
Will    +....        z - amulet of the acrobat Stlth
                     h - +5 ring of evasion
HPRegen 0.29/turn    (no ring)
MPRegen 0.09/turn

%: no teleportation, acrobat
@: acrobatic, lightly drained
A: horns 2, retaliatory headbutt
a: Renounce Religion, Potion Petition, Call Merchant, Bribe Branch


You were on level 4 of the Dungeon.
You worshipped Gozag.
Gozag was aware of your devotion.
You visited 1 branch of the dungeon, and saw 4 of its levels.

You collected 444 gold pieces.
You spent 237 gold pieces at shops.
You paid 63 gold pieces to Gozag.

Inventory:

Hand Weapons
 a - a +0 war axe (weapon)
Missiles
 e - 2 throwing nets
Armour
 c - a +0 buckler (worn)
 m - a +0 plate armour (worn)
 t - the +1 cloak of the Apprentice (worn) {-Tele Will+ Str+3 Int+7}
   (You bought it in a shop on level 3 of the Dungeon)

   Str:       It affects your strength (+3).
   Int:       It affects your intelligence (+7).
   -Tele:     It prevents most forms of teleportation.
   Will:      It increases your willpower.
Jewellery
 h - a +5 ring of evasion (left hand)
 z - an amulet of the acrobat (around neck)
Wands
 p - a wand of paralysis (8)
Scrolls
 f - a scroll of teleportation {unknown}
 g - a scroll of poison
 l - 2 scrolls of vulnerability
 n - 2 scrolls of immolation
 o - a scroll of noise {unknown}
 q - a scroll of revelation {unknown}
 r - a scroll of fog {unknown}
 s - a scroll of enchant armour {unknown}
 v - a scroll of butterflies {unknown}
 x - a scroll of amnesia {unknown}
 y - a scroll of identify
Potions
 b - a potion of curing
 d - 2 potions of might
 i - 4 potions of brilliance
 j - a potion of lignification {unknown}
 k - a potion of heal wounds {unknown}
 u - a potion of haste {unknown}
 w - 2 potions of attraction {unknown}


   Skills:
 + Level 5.1 Fighting
 * Level 5.7 Axes
 + Level 5.1 Armour
 + Level 5.1 Shields


You had 5 spell levels left.
You didn't know any spells.
Your spell library contained the following spells:

 Spells                   Type           Power      Damage    Failure   Level
 Necrotise                Necr           0%         1d4       99%         1
 Gell's Gravitas          Tloc           0%         N/A       100%        3
 Teleport Other           Tloc           0%         N/A       100%        3
 Vampiric Draining        Necr           0%         2d6       100%        3
 Agony                    Necr           0%         N/A       100%        5
 Dispersal                Tloc           0%         N/A       100%        6


Dungeon Overview and Level Annotations

Branches:
Dungeon (4/15)
 Temple: D:4-7

Altars:
Gozag
Ru
Zin

Shops:
D:2 :   D:3 [


Innate Abilities, Weirdness & Mutations

You have a pair of horns on your head.
You reflexively headbutt those who attack you in melee.


Message History

An ogre comes into view. It is wielding a +0 giant spiked club.
Found a glowing coppery potion.
The ogre shouts!
You block the ogre's attack. The ogre closely misses you.
The ogre completely misses you. The ogre completely misses you.
You block the ogre's attack. The ogre completely misses you.
You furiously retaliate!
You headbutt the ogre! You block the ogre's attack.
The ogre completely misses you. The ogre misses you.
Okay, then.
Unknown command.
The ogre completely misses you.
The ogre hits you with a +0 giant spiked club.
You block the ogre's attack. The ogre completely misses you.
The ogre misses you.
The ogre hits you with a +0 giant spiked club!!
The ogre misses you.
You hit the ogre but do no damage.
The ogre is moderately wounded.
The ogre hits you with a +0 giant spiked club!
You hit the ogre but do no damage.
The ogre is moderately wounded.
The ogre hits you but does no damage.
You barely miss the ogre.
The ogre is moderately wounded.
You hit the ogre.
The ogre is heavily wounded.
The ogre hits you with a +0 giant spiked club!
* * * LOW HITPOINT WARNING * * *
You barely miss the ogre.
The ogre is heavily wounded.
You block the ogre's attack. The ogre attacks as you move away!
The ogre hits you with a +0 giant spiked club!!
You die...
Your body crumbles into a pile of gold.

##########
......(..#
########.# ..# ..#
#.###############.#
##.# #.#
#........@O........
...# #.#
#.#########.#######
#..# #.## #.# #.#
#..# ...# #.#
#!...........# #..#
#..# #.#
#.####.#####.# #..#
#..#####.# #.# #..#
.........# #.# #...
#..####### #.# ##.#
...# #.# ########.#


You could see an ogre.

Vanquished Creatures
  A phantom (D:4)
  A hound (D:4)
  3 iguanas (D:4)
  An orc wizard (D:4)
  6 gnolls
  4 adders
  3 worms
  2 dart slugs (D:1)
  9 orcs (D:4)
  6 bats
  9 endoplasms
  3 giant cockroaches
  7 goblins
  5 hobgoblins
  6 jackals
  8 kobolds
  5 quokkas
  4 ball pythons
  5 frilled lizards
  6 rats
94 creatures vanquished.

Notes
Turn   | Place    | Note
-------+----------+-------------------------------------------
     0 | D:1      | 123456 the Minotaur Fighter began the quest for the Orb.
     0 | D:1      | Reached XP level 1. HP: 19/19 MP: 0/0
    92 | D:1      | Reached XP level 2. HP: 25/27 MP: 1/1
   478 | D:1      | Reached XP level 3. HP: 29/33 MP: 2/2
   834 | D:2      | Found Kanneuv's Book Boutique.
   984 | D:2      | Reached XP level 4. HP: 29/40 MP: 3/3
  1073 | D:2      | Found a faded altar of an unknown god.
  1571 | D:3      | Found Lejuma's Antique Armour Shoppe.
  1668 | D:3      | Found an opulent altar of Gozag.
  1679 | D:3      | Became a worshipper of Gozag Ym Sagoz the Greedy
  1856 | D:3      | Found a glowing silver altar of Zin.
  2027 | D:3      | Found a sacrificial altar of Ru.
  2124 | D:4      | Reached XP level 5. HP: 42/47 MP: 4/4
  2260 | D:3      | Bought a spiked cloak for 237 gold pieces
  2260 | D:3      | Identified the +1 cloak of the Apprentice {-Tele Will+
                  | Str+3 Int+7} (You bought it in a shop on level 3 of the
                  | Dungeon)
  2397 | D:4      | Noticed a phantom
  2401 | D:4      | Reached skill level 5 in Axes
  2408 | D:4      | Killed a phantom
  2409 | D:4      | Reached XP level 6. HP: 55/55 MP: 5/5
  2410 | D:4      | Reached skill level 5 in Shields
  2419 | D:4      | Reached skill level 5 in Fighting
  2419 | D:4      | Reached skill level 5 in Armour
  2843 | D:4      | Mangled by an ogre

Illustrated notes

Levels and vault maps discovered:
D:1:      minmay_arrival_plants_in_alcoves, layout_basic
D:2:      layout_rooms, serial_shops, shop,
          shapermc_ecumenical_altar_mp_ritualfount, minmay_pentomino_pile
D:3:      layout_rooms, nicolae_gozag_seed_capital,
          mainiacjoe_overflow_surrounded_room, lemuel_doored_altar,
          serial_shops, nicolae_shop_behind_doors, eino_tiny_chamber,
          minmay_gold_behind_fungi
D:4:      minmay_angry_zag, layout_loops_ring

Skill      XL: |  1  2  3  4  5  6 |
---------------+-------------------+-----
Axes           | 3 4 5 |  5.7
Fighting       | 4 5 |  5.1
Shields        | 4 5 |  5.1
Armour         | 4 5 |  5.1

Action                     |  1- 3 |  4- 6 || total
---------------------------+-------+-------++-------
  Melee: War axe           |    95 |   134 ||   229
         Headbutt          |     6 |    18 ||    24
    Use: Scroll            |       |     5 ||     5
 Armour: Scale mail        |    49 |       ||    49
         Plate armour      |    14 |    48 ||    62
  Dodge: Dodged            |    39 |    59 ||    98
  Block: Buckler           |    24 |    19 ||    43

Table legend: (Time is in decaauts)
 A = Elapsed time spent in this place.
 B = Non-inter-level travel time spent in this place.
 C = Inter-level travel time spent in this place.
 D = Time resting spent in this place.
 E = Time spent auto-exploring this place.
 F = Levels seen in this place.
 G = Mean time per level.
                   A        B        C        D        E       F      G
               +--------+--------+--------+--------+--------+-----+--------+
         Total |   2916 |   2788 |    128 |    100 |   2008 |   4 |  729.0 |
       Dungeon |   2916 |   2788 |    128 |    100 |   2008 |   4 |  729.0 |
               +--------+--------+--------+--------+--------+-----+--------+

Top non-repeatable levels by time:
     D:1: 850 daAuts
     D:4: 726 daAuts
     D:2: 707 daAuts
     D:3: 631 daAuts
